 Dungeon Crawl Stone Soup version 0.26-a0-784-g51bffae0b1 (webtiles) character file.

Game seed: 8730291644256862275

133 Kinoniko the Slasher (level 4, -1/45 HPs)
             Began as a Troll Monk on Nov 10, 2020.
             Slain by an orc
             ... wielding a +0 trident
              (5 damage)
             ... on level 3 of the Dungeon.
             The game lasted 00:02:40 (1363 turns).

Kinoniko the Slasher (Troll Monk)                   Turns: 1363, Time: 00:02:41

Health: -1/45      AC:  6    Str: 19    XL:     4   Next: 93%
Magic:  3/3        EV: 10    Int:  6    God:
Gold:   132        SH:  0    Dex: 13    Spells: 3/3 levels left

rFire    . . .     SeeInvis .     - Unarmed
rCold    . . .     Faith    .   (no shield)
rNeg     . . .     Spirit   .   b - +0 robe
rPois    .         Reflect  .   (helmet restricted)
rElec    .         Harm     .   (no cloak)
rCorr    .         Rampage  .   (gloves unavailable)
MR       .....                  (boots unavailable)
Stlth    ++........             (no amulet)
HPRegen  0.55/turn              (no ring)
MPRegen  0.08/turn              (no ring)

@: no status effects
A: large, unfitting armour, claws 3, regeneration 1, shaggy fur 1, tough skin 3
a: no special abilities


You were on level 3 of the Dungeon.
You visited 1 branch of the dungeon, and saw 3 of its levels.

You collected 132 gold pieces.

Inventory:

Hand Weapons
 a - a +0 falchion
Armour
 b - a +0 robe (worn)
Jewellery
 d - an uncursed ring of ice
Wands
 j - a wand of polymorph (8)
 n - a wand of flame (14)
Scrolls
 f - 2 scrolls of remove curse
 h - a scroll of enchant weapon {unknown}
 k - a scroll of fear
 l - a scroll of identify
Potions
 e - 2 potions of brilliance
 g - 2 potions of flight
 m - a potion of magic


   Skills:
 + Level 3.0 Fighting
 * Level 3.5 Long Blades
 - Level 2.4 Dodging
 - Level 1.0 Stealth
 * Level 2.7 Unarmed Combat


You had 3 spell levels left.
You didn't know any spells.
Your spell library was empty.

Dungeon Overview and Level Annotations

Branches:
Dungeon (3/15)

Altars:
Okawaru
Zin

Portals:
Sewer: D:3


Innate Abilities, Weirdness & Mutations

You are too large for most types of armour.
You have claws for hands.
Your natural rate of healing is unusually fast.
You are covered in fur. (AC +1)
You have extremely tough skin. (AC +3)


Message History

You feel better.
Okay, then.
The orc barely misses you.
You claw the worm!
The worm is heavily wounded.
The orc hits you from afar with a +0 trident.
* * * LOW HITPOINT WARNING * * *
The worm bites you but does no damage.
You scratch the worm but do no damage.
The worm is heavily wounded.
The orc hits you from afar with a +0 trident.
* * * LOW HITPOINT WARNING * * *
You scratch the worm.
The worm is severely wounded.
The worm bites you.
* * * LOW HITPOINT WARNING * * *
The worm bites you.
* * * LOW HITPOINT WARNING * * *
The orc hits you from afar with a +0 trident.
You die...

#......(.##.#
#.#.....[
....#.#.#(##.#
#.#...##.
....#.#.#)##.###.#...#
.........(........
.... .
.......)(......# ..##
....##≈≈.)≈##..#
.....##≈o.≈≈##..
.##.≈≈.ww..≈≈..
....≈≈.@...≈≈..
....≈≈..∩...≈...
.##.≈≈.....≈≈.##
#.≈≈.≈...≈≈..
#.##≈≈≈≈≈##.> #.
#≈≈≈≈≈# .. # .......
#.###... #. .###


You could see 2 worms and an orc.

Vanquished Creatures
  An orc priest (D:3)
  3 adders
  A worm (D:3)
  3 leopard geckos
  10 orcs (D:3)
  A ball python (D:3)
  6 bats
  A giant cockroach (D:3)
  3 goblins (D:1)
  6 hobgoblins
  5 jackals
  9 kobolds
  A quokka (D:3)
  A ball python skeleton (D:2)
  4 frilled lizards
  7 rats
62 creatures vanquished.

Notes
Turn   | Place    | Note
-------+----------+-------------------------------------------
     0 | D:1      | Kinoniko the Troll Monk began the quest for the Orb.
     0 | D:1      | Reached XP level 1. HP: 22/22 MP: 0/0
   153 | D:1      | Reached XP level 2. HP: 29/29 MP: 1/1
   188 | D:1      | Reached skill level 1 in Unarmed Combat
   708 | D:2      | Reached XP level 3. HP: 35/36 MP: 2/2
   712 | D:2      | Found a glowing silver altar of Zin.
  1087 | D:3      | Found an iron altar of Okawaru.
  1156 | D:3      | Reached XP level 4. HP: 36/44 MP: 3/3
  1318 | D:3      | Found a glowing drain.
  1363 | D:3      | Slain by an orc

Illustrated notes

Levels and vault maps discovered:
D:1:      heliophobic_arrival_henge, layout_rooms, minmay_misc_feat_diagonals,
          serial_bayou_ford_a
D:2:      layout_rooms, zin_treasury
D:3:      layout_basic, cheibrodos_sewer_entry_sluice, okawaru_metal_pillars_1_2

Skill      XL: |  1  2  3  4 |
---------------+-------------+-----
Unarmed Combat | 1 2 |  2.7
Long Blades    | 3 |  3.5
Fighting       | 3 |  3.0
Dodging        | |  2.4
Stealth        | |  1.0

Action                   |  1- 3 |  4- 6 || total
-------------------------+-------+-------++-------
Melee: Unarmed           |   132 |    58 ||   190
       Punch             |       |     1 ||     1
  Use: Scroll            |     8 |       ||     8
       Potion            |       |     4 ||     4
 Stab: Sleeping          |     3 |       ||     3
Armor: Robe              |    71 |    29 ||   100
Dodge: Dodged            |    66 |    44 ||   110

Table legend: (Time is in decaauts)
 A = Elapsed time spent in this place.
 B = Non-inter-level travel time spent in this place.
 C = Inter-level travel time spent in this place.
 D = Time resting spent in this place.
 E = Time spent auto-exploring this place.
 F = Levels seen in this place.
 G = Mean time per level.
                   A        B        C        D        E       F      G
               +--------+--------+--------+--------+--------+-----+--------+
         Total |   1366 |   1331 |     35 |     43 |    913 |   3 |  455.3 |
       Dungeon |   1366 |   1331 |     35 |     43 |    913 |   3 |  455.3 |
               +--------+--------+--------+--------+--------+-----+--------+

Top non-repeatable levels by time:
     D:1: 514 daAuts
     D:2: 439 daAuts
     D:3: 412 daAuts
